 Dungeon Crawl Stone Soup version 0.17-a0-1989-gfb2cd5c (webtiles) character file.

130 Ordine the Skirmisher (level 5, -1/38 HPs)
             Began as an Octopode Fighter on Oct 7, 2015.
             Slain by an orc (5 damage)
             ... on level 3 of the Dungeon.
             The game lasted 00:07:34 (3665 turns).

Ordine the Skirmisher (Octopode Fighter)            Turns: 3665, Time: 00:07:35

Health: -1/38      AC:  1    Str: 16    XL:     5   Next: 13%
Magic:  5/5        EV: 10    Int: 10    God:
Gold:   138        SH:  8    Dex: 12    Spells: 0 memorised, 4 levels left

rFire  . . .     SeeInvis .     a - +0 long sword
rCold  + . .     Clarity  .     b - +0 shield
rNeg   + . .     SustAt   .     (helmet restricted)
rPois  .         Gourm    .     h - amulet of warding
rElec  .         Spirit   .     (no ring)
rCorr  .         Warding  +     t - ring of protection from cold
rMut   .         Stasis   .     (no ring)
MR     .....                    (no ring)
Stlth  ++........               (no ring)
                                (no ring)
                                (no ring)
                                (no ring)

@: not resistant to hostile enchantments, unstealthy
A: almost no armour, amphibious, 8 rings, constrict 8, camouflage 1, gelatinous
body 1
a: no special abilities


You were on level 3 of the Dungeon.
You were hungry.

You visited 1 branch of the dungeon, and saw 4 of its levels.

You collected 138 gold pieces.

Inventory:

Hand Weapons
 a - a +0 long sword (weapon)
Missiles
 e - 101 stones
 m - 3 javelins
 n - 3 tomahawks (quivered)
Armour
 b - a +0 shield (worn)
Jewellery
 h - an amulet of warding (around mantle)
 t - a ring of protection from cold (right tentacle)
Scrolls
 g - a scroll of teleportation
 j - a scroll of remove curse
 l - 2 scrolls of amnesia
Potions
 c - 2 potions of might
 i - a potion of curing {unknown}
 k - a potion of magic {unknown}
 r - a potion of resistance {unknown}
 s - 2 potions of agility {unknown}
Comestibles
 d - 4 bread rations
 o - 3 fruits


   Skills:
 + Level 4.5 Fighting
 + Level 3.8 Long Blades
 - Level 3.0 Dodging
 - Level 3.0 Shields


You had 4 spell levels left.
You didn't know any spells.

Dungeon Overview and Level Annotations

Branches:
Dungeon (4/15)
 Temple: D:4-7

Altars:
Fedhas


Innate Abilities, Weirdness & Mutations

You cannot wear most types of armour.
You are amphibious.
You can wear up to eight rings at the same time.
You can use your tentacles to constrict eight enemies at once.
Your skin changes colour to match your surroundings (Stealth).
Your rubbery body absorbs attacks (AC +1).


Message History

You release your grip on the orc.
The orc wizard points at you and mumbles some strange words.
The puff of frost hits you! You resist. You block the orc's attack.
There is a stone staircase leading up here.
The orc hits you with a whip. You block the orc's attack.
You climb upwards.
There is a stone staircase leading down here.
You closely miss the orc wizard. Your grab misses the orc wizard.
The orc wizard hits you with a dagger.
* * * LOW HITPOINT WARNING * * *
You block the orc's attack. x2
The orc wizard hits you with a dagger.
* * * LOW HITPOINT WARNING * * *
Your shield prevents you from hitting the orc wizard.
Your grab misses the orc wizard. Your squeeze misses the orc wizard.
The orc wizard miscasts a cantrip.
The orc hits you with a whip.
* * * LOW HITPOINT WARNING * * *
The orc hits you.
You die...

######## #......#
#.P....# ############
#PPPPP.######..........#
#PP_PP...o..#.########.##
#P.PPP.o@................
#.PPP.##o##.#...(...##.#.
#........##.^.....#.##.#.
########.##.......#.##.#.
#.###......#.##.#. #.#
#......#.#.... #.#
####.#<.......
#.######.###.#####
#......#.# #.#....


You could see an orc wizard and 2 orcs.

Vanquished Creatures
  Robin (D:3)
  4 adders
  2 worms
  An orc (D:3)
  8 bats
  A giant cockroach (D:3)
  11 hobgoblins
  3 jackals (D:2)
  2 quokkas (D:3)
  5 giant geckos
  3 giant newts
  21 goblins
  4 kobolds
  5 rats
71 creatures vanquished.

Notes
Turn   | Place    | Note
--------------------------------------------------------------
     0 | D:1      | Ordine the Octopode Fighter began the quest for the Orb.
     0 | D:1      | Reached XP level 1. HP: 16/16 MP: 1/1
   313 | D:1      | Reached XP level 2. HP: 21/21 MP: 2/2
   896 | D:2      | Reached XP level 3. HP: 14/26 MP: 3/3
  1365 | D:2      | Reached skill level 4 in Fighting
  1603 | D:2      | Reached XP level 4. HP: 33/33 MP: 4/4
  1765 | D:2      | Noticed Robin
  2246 | D:3      | Killed Robin
  2706 | D:3      | Found a blossoming altar of Fedhas.
  2955 | D:3      | Reached XP level 5. HP: 38/38 MP: 5/5
  3665 | D:3      | Slain by an orc

Vault maps used:
D:1:      sevenhm_arrival_forest_fort_large_3
D:2:      uniq_robin
D:3:      lemuel_upstairs_altar, fedhas_altar_3, first_bread
D:4:      lemuel_doored_altar, overflow_temple_1_default,
          minmay_misc_feat_four_crosses, nicolae_ru_great_annihilating_truth,
          uniq_pikel

Action                   |  1- 3 |  4- 6 || total
-------------------------+-------+-------++-------
Melee: Long sword        |    68 |    75 ||   143
  Use: Scroll            |       |     6 ||     6
 Stab: Sleeping          |     9 |     2 ||    11
  Eat: Chunk             |     2 |     6 ||     8
